 Dungeon Crawl Stone Soup version 0.25-a0-308-geac79542e2 (webtiles) character file.

Game seed: 7583269516438687274, levelgen mode: deterministic

35322 bmfx the Blocker (level 13, -5/70 HPs)
             Began as a Deep Elf Summoner on Dec 21, 2019.
             Was a High Priest of Kikubaaqudgha.
             Shot with an arrow by a centaur warrior (27 damage)
             ... on level 14 of the Dungeon on Dec 22, 2019.
             The game lasted 01:12:39 (25733 turns).

bmfx the Blocker (Deep Elf Summoner)               Turns: 25733, Time: 01:12:40

Health: -5/70      AC: 10    Str:  5    XL:     13   Next: 47%
Magic:  16/29      EV: 20    Int: 26    God:    Kikubaaqudgha [*****.]
Gold:   1504       SH:  0    Dex: 15    Spells: 0/32 levels left

rFire    + . .     SeeInvis .   l - +0 trident (protect)
rCold    . . .     Gourm    .   (no shield)
rNeg     + . .     Faith    .   p - +2 robe {rN+}
rPois    .         Spirit   .   o - +0 helmet
rElec    .         Reflect  .   v - +1 cloak {+Inv}
rCorr    .         Harm     .   (no gloves)
MR       +....                  t - +2 pair of boots of the Assassin {Detection Stab+ Stlth++}
Stlth    +++++.....             e - amulet of magic regeneration
HPRegen  0.21/turn              F - +3 ring of evasion
MPRegen  0.46/turn              y - ring of protection from fire

@: no status effects
A: no striking features
a: Receive Corpses, Torment, Renounce Religion, Evoke Invisibility


You were on level 14 of the Dungeon.
You worshipped Kikubaaqudgha.
Kikubaaqudgha was extremely pleased with you.
You were not hungry.

You visited 3 branches of the dungeon, and saw 21 of its levels.
You also visited: Gauntlet.

You collected 1504 gold pieces.

Dungeon Overview and Level Annotations

Branches:
Dungeon (14/15)            Temple (1/1) D:6            Lair (6/6) D:9
  Swamp (0/4) Lair:4       Spider (0/4) Lair:3        Slime (0/5) Lair:6
    Orc (0/2) D:12         Vaults (0/5) D:14        Gauntlet (visited)

Altars:
Ashenzari
Cheibriados
Dithmenos
Elyvilon
Fedhas
Gozag
Hepliaklqana
Kikubaaqudgha
Makhleb
Nemelex Xobeh
Okawaru
Qazlal
Ru
Sif Muna
Trog
Uskayaw
Vehumet
Wu Jian
Xom
Yredelemnul
Zin
The Shining One
Jiyva

Annotations:
D:12 exclusion: 5 slime creatures
Lair:2 exclusion: hydra, Gastronok
Lair:3 exclusions: 3 elephants, hydra and rime drake
Lair:4 exclusions: catoblepas and swamp worm
Lair:5 Kirke
Lair:6 1 runed translucent door


   Skills:
 - Level 4.0 Fighting
 - Level 8.1 Dodging
 - Level 4.0 Stealth
 * Level 11.2 Shields
 - Level 10.0 Spellcasting
 - Level 2.0 Conjurations
 - Level 9.0 Summonings
 - Level 7.7 Necromancy
 + Level 10.8 Earth Magic
 - Level 8.0 Evocations


You couldn't memorise any spells.
You knew the following spells:

 Your Spells              Type           Power        Failure   Level  Hunger
A - Borgnjor's Vile Clut  Necr/Erth      ######....   2%          5    ####...
B - Call Imp              Summ           ######..     1%          2    None
C - Call Canine Familiar  Summ           ######..     1%          3    None
D - Summon Lightning Spi  Summ/Air       #####...     7%          4    None
E - Summon Ice Beast      Ice/Summ       #####...     7%          4    None
F - Bolt of Magma         Conj/Fire/Erth #####.....   22%         5    ####...
G - Lee's Rapid Deconstr  Erth           ######....   1%          5    ####...
H - Petrify               Tmut/Erth      #####...     4%          4    None

Your spell library contained the following spells:

 Spells                   Type           Power        Failure   Level  Hunger
 Animate Skeleton         Necr           N/A          1%          1    None
 Pain                     Necr           ####         1%          1    None
 Sandblast                Erth           ######       1%          1    None
 Summon Small Mammal      Summ           ####         1%          1    None
 Passwall                 Tmut/Erth      #####...     1%          2    None
 Sublimation of Blood     Necr           ######....   1%          2    None
 Stone Arrow              Conj/Erth      #####.       1%          3    None
 Animate Dead             Necr           N/A          1%          4    None
 Regeneration             Chrm/Necr      ####......   2%          3    None
 Summon Guardian Golem    Hex/Summ       #####...     2%          3    None
 Foxfire                  Conj/Fire      ###.         3%          1    None
 Sting                    Tmut/Pois      ##..         4%          1    None
 Agony                    Necr           ######..     5%          5    ####...
 Dispel Undead            Necr           ######..     5%          5    ####...
 Poisonous Vapours        Pois/Air       ##....       7%          2    None
 Song of Slaying          Chrm           ##......     7%          2    None
 Mephitic Cloud           Conj/Pois/Air  ###.....     11%         3    None
 Ignite Poison            Fire/Tmut/Pois ##......     14%         3    None
 Excruciating Wounds      Chrm/Necr      ####......   26%         5    ####...
 Olgreb's Toxic Radiance  Pois           ##......     41%         4    None
 Iron Shot                Conj/Erth      #####.....   45%         6    #####..
 Statue Form              Tmut/Erth      #####....    58%         6    #####..
 Irradiate                Conj/Tmut      ###.......   63%         5    ####...
 Iskenderun's Battlesphe  Conj/Chrm      ###.....     63%         5    ####...
 Spellforged Servitor     Conj/Summ      #####.....   99%         7    #######
 Deflect Missiles         Chrm/Air       ##........   100%        6    #####..
 Hydra Form               Tmut           ##........   100%        6    #####..
 Dragon Form              Tmut           ##........   100%        7    #######
 Orb of Destruction       Conj           ###.......   100%        7    #######

Action                   |  1- 3 |  4- 6 |  7- 9 | 10-12 | 13-15 || total
-------------------------+-------+-------+-------+-------+-------++-------
Melee: Dagger            |    10 |       |       |       |       ||    10
       Trident           |     9 |   128 |   244 |   236 |    28 ||   645
Throw: Stone             |     1 |     2 |     1 |     6 |       ||    10
 Cast: Summon Small Mamm |    21 |       |       |       |       ||    21
       Call Imp          |    28 |    23 |     3 |       |       ||    54
       Call Canine Famil |     8 |    22 |    43 |    19 |     2 ||    94
       Summon Lightning  |       |     2 |    14 |    74 |    19 ||   109
       Summon Ice Beast  |       |       |    29 |    26 |     2 ||    57
       Borgnjor's Vile C |       |       |       |   113 |    42 ||   155
       Lee's Rapid Decon |       |       |       |       |    15 ||    15
       Petrify           |       |       |       |       |     1 ||     1
Evoke: Wand              |       |     2 |     2 |    43 |    18 ||    65
  Use: Scroll            |     5 |     1 |    18 |    14 |     4 ||    42
       Potion            |       |     2 |     3 |     4 |    10 ||    19
 Stab: Sleeping          |     3 |     7 |     8 |     7 |       ||    25
       Distracted        |     1 |       |     8 |     2 |       ||    11
       Paralysed         |       |       |       |     1 |       ||     1
  Eat: Chunk             |     5 |     7 |    16 |    44 |     7 ||    79
       Ration            |       |     1 |     3 |     6 |     3 ||    13
Armor: Robe              |     5 |    18 |    38 |    50 |    29 ||   140
       Skin              |       |       |     4 |       |       ||     4
Dodge: Dodged            |    26 |    79 |   163 |   271 |   109 ||   648

Skill      XL: |  1  2  3  4  5  6  7  8  9 10 11 12 13 |
---------------+----------------------------------------+-----
Dodging        | 3 4 5 6 8 |  8.1
Summonings     | 5 6 8 9 |  9.0
Stealth        | 3 4 |  4.0
Spellcasting   | 4 5 6 8 10 | 10.0
Fighting       | 3 4 |  4.0
Evocations     | 7 8 |  8.0
Necromancy     | 2 7 |  7.7
Earth Magic    | 1 6 8 9 10 | 10.8
Shields        | 1 7 10 11 | 11.2
Conjurations   | 2 |  2.0

Inventory:

Hand Weapons
 a - a cursed +2 spear of venom
 l - a +0 trident of protection (weapon)
Missiles
 K - 3 throwing nets (quivered) {!f}
 O - 6 curare-tipped darts
Armour
 d - a +0 robe of fire resistance
 o - a +0 helmet (worn)
 p - a +2 robe of positive energy (worn)
 t - the +2 pair of boots of the Assassin (worn) {Detection Stab+ Stlth++}
   (You acquired it on level 9 of the Dungeon)

   It makes you much more stealthy.
 v - a +1 cloak of invisibility (worn)
 w - a +1 robe of magic resistance
 J - the +4 shield of Tenacity {rF+ rN+ SInv}
   (You found it on level 2 of the Lair of Beasts)

   It protects you from fire.
   It protects you from negative energy.
   It lets you see invisible.
Jewellery
 e - an amulet of magic regeneration (around neck)
 s - an uncursed ring of flight
 y - a ring of protection from fire (right hand)
 D - an uncursed ring of ice
 F - a +3 ring of evasion (left hand)
 P - an uncursed amulet of the acrobat
Wands
 i - a wand of disintegration (16)
 k - a wand of paralysis (12)
 r - a wand of iceblast (7)
 z - a wand of enslavement (13)
 L - a wand of polymorph (13)
 S - a wand of scattershot (6)
Scrolls
 b - 7 scrolls of remove curse {@r4}
 g - 3 scrolls of immolation
 h - 5 scrolls of enchant armour
 m - 2 scrolls of fog
 n - 3 scrolls of vulnerability
 u - a scroll of torment
 x - a scroll of teleportation {@r1}
 G - a scroll of blinking {@r2}
 Q - a scroll of magic mapping
Potions
 j - 2 potions of resistance
 q - 2 potions of magic
 A - 2 potions of haste {@q4}
 C - 5 potions of mutation
 E - 4 potions of flight
 I - a potion of brilliance
 M - a potion of might
Comestibles
 c - 29 rations

.♣≈ .# ..P♣ .#
#
....####.####.
.............
..c......#
c[.c.c.##
#...c..#
#@....#
....∩..........
..#####........
....c.###
......#
.........
######.### .#


You could see a centaur warrior and 5 centaurs.

Vanquished Creatures
  A two-headed ogre (D:11)
  3 centaur warriors (D:13)
  Pikel (D:8)
  A cyclops (D:14)
  A manticore (D:12)
  A black mamba (Lair:3)
  Maurice (D:8)
  A spiny frog (Lair:5)
  2 kobold demonologists (D:11)
  4 komodo dragons
  A queen bee (D:10)
  4 polar bears
  9 blink frogs
  5 hornets (Lair:6)
  3 hippogriffs
  11 spriggans (Lair:6)
  A shadow (D:14)
  A basilisk (shapeshifter) (D:13)
  2 hogs (Lair:5)
  12 yaks
  3 water moccasins
  2 slaves (D:8)
  A sky beast (D:8)
  2 orc warriors
  3 black bears (Lair:6)
  An ice beast (shapeshifter) (D:14)
  4 boggarts (Lair:6)
  A phantom (D:14)
  4 ogres
  12 wolves (Lair:6)
  17 centaurs
  4 crocodiles
  2 big kobolds
  6 bullfrogs
  A wyvern zombie (D:8)
  2 wights
  20 killer bees (D:10)
  An electric eel (D:7)
  3 crimson imps
  4 hounds
  A bullfrog skeleton (D:9)
  7 orc wizards
  An iguana (D:11)
  4 worker ants
  A hound skeleton (D:5)
  3 adders
  2 shadow imps
  12 white imps (Lair:3)
  2 adder zombies (D:5)
  A worm (D:4)
  4 leopard geckos
  22 orcs
  2 goblins
  A hobgoblin (D:3)
  7 jackals
  5 quokkas
  A bat (D:3)
  7 kobolds (D:12)
  2 leopard gecko skeletons
  3 rats
  4 fungi
250 creatures vanquished.

Vanquished Creatures (collateral kills)
  Josephine (D:11)
  3 hydras
  A centaur warrior (D:11)
  Erica (D:8)
  A death yak (Lair:5)
  An unseen horror (D:10)
  A lindwurm (Lair:6)
  4 spiny frogs
  A kobold demonologist (D:11)
  3 komodo dragons
  A merfolk (D:10)
  6 polar bears
  2 trolls
  A hornet (Lair:6)
  9 blink frogs
  4 hippogriffs
  6 wraiths
  A spriggan (shapeshifter) (D:13)
  3 spriggans (Lair:6)
  A hog (Lair:5)
  3 basilisks
  A human (D:6)
  30 yaks
  A steam dragon (D:9)
  5 hungry ghosts
  7 water moccasins
  8 porcupines
  5 orc warriors
  A black bear (D:9)
  An eye of draining (D:9)
  3 ice beasts
  A phantom (D:4)
  A necrophage (D:5)
  4 ogres
  4 wolves (Lair:6)
  6 crocodiles
  4 centaurs
  A big kobold (D:11)
  7 bullfrogs
  2 scorpions
  7 killer bees (D:10)
  2 howler monkeys (D:11)
  6 wights
  9 crimson imps
  A bullfrog zombie (D:5)
  3 orc priests
  5 hounds
  3 jellies
  A bullfrog skeleton (D:7)
  3 centaur zombies
  9 orc wizards
  2 iguanas (D:5)
  3 worker ants
  A hound zombie (D:5)
  2 hound skeletons (D:7)
  A worker ant zombie (D:5)
  11 adders
  4 gnolls (D:7)
  4 shadow imps
  5 oozes
  An adder zombie (D:6)
  3 worms
  6 leopard geckos
  39 orcs
  4 giant cockroaches
  5 goblins
  9 hobgoblins
  11 jackals
  9 kobolds
  A quokka (D:2)
  5 bats
  5 frilled lizards
  A jackal zombie (D:5)
  A kobold zombie (D:6)
  A quokka skeleton (D:8)
  A rat (D:1)
  A fungus (Lair:6)
  A plant (Lair:4)
332 creatures vanquished.

Vanquished Creatures (others)
  12 fungi
  7 plants
19 creatures vanquished.

Grand Total: 601 creatures vanquished

Levels and vault maps discovered:
D:1:      minmay_arrival_stair_chambers, layout_rooms
D:2:      layout_rooms, nicolae_gozag_cash_rules_everything_around_me,
          minmay_between
D:3:      layout_loops_ring, overflow_temple_1_default, first_ration
D:4:      layout_loops_ring, minmay_unequal
D:5:      layout_basic, gammafunk_temple_overflow_wave, abandoned_shop,
          chequers_serial_rivers_micro_c, minmay_strange_pillars
D:6:      layout_loops_ring, lemuel_temple_firewalk_a, dk_yredelemnul_ordeal
D:7:      layout_loops_ring, grunt_temple_overflow_order_and_chaos_2,
          minmay_crystal_water
D:8:      layout_rooms, lemuel_doored_altar, hangedman_ru_absence,
          ashenzari_altar_1, uniq_pikel, uniq_erica, uniq_maurice
D:9:      layout_small_grid, lair_entry_dummy
D:10:     layout_loops_ring, special_room [special_room_bee],
          hangedman_fish_farm, minmay_misc_feat_chi
D:11:     layout_gridville, uniq_josephine
D:12:     minmay_spotlight, layout_irregular_city, orc_0_dummy, enter_bailey_6,
          chequers_decorated_corner
D:13:     hourglass_vault, layout_basic
D:14:     layout_basic, erik_vaults_1, infiniplex_staircase_river,
          gammafunk_ghost_mausoleum, serial_bayou_lake_a
Temple:   nicolae_temple_figure_eight
Lair:1:   layout_roguey, st_stairs_12, grunt_megastairs_5
Lair:2:   layout_regular_city, uniq_gastronok
Lair:3:   layout_cave_shapes, dummy_spider_entry, portal_ice_cave_entry_imps
Lair:4:   layout_loops_ring, nicolae_swamp_entry_splash_gauntlet,
          gauntlet_entry_generic, chequers_serial_rivers_micro_c,
          roderic_batcave, beast_lair_carwin_5, lemuel_fruit_tree
Lair:5:   layout_regular_city, beast_lair_carwin_9, uniq_kirke
Lair:6:   minmay_lair_end_enchanted_forest, layout_small_grid, slime_altar_2,
          st_stairs_7, infiniplex_staircase_pool_2


Message History

As you read the scroll of teleportation {@r1}, it crumbles to dust.
You feel strangely unstable. The +7 long sword barely misses you.
The +7 long sword hits you.
* * * LOW HITPOINT WARNING * * *
You see here a chunk of flesh {@w1}.
Found a scroll of teleportation.
Things that are here:
4 large rocks; a cyclops corpse Your surroundings suddenly seem different.
A centaur comes into view.
The centaur shouts!
A centaur warrior comes into view. It is wielding a +0 falchion.
The centaur warrior shouts!
A centaur comes into view. x2
A centaur comes into view. It is wielding a +0 scimitar.
The centaur warrior unwields a +0 falchion.
The centaur warrior wields a +0 shortbow.
The centaur warrior shoots an arrow.
The arrow hits you!!
You die...
Kikubaaqudgha rasps: "You have failed me!
Welcome... death!"

Notes
Turn   | Place    | Note
-------+----------+-------------------------------------------
     0 | D:1      | bmfx the Deep Elf Summoner began the quest for the Orb.
     0 | D:1      | Reached XP level 1. HP: 10/10 MP: 6/6
   278 | D:1      | Reached XP level 2. HP: 15/15 MP: 5/8
   282 | D:1      | Learned a level 2 spell: Call Imp
  1109 | D:2      | Reached XP level 3. HP: 19/19 MP: 2/9
  1114 | D:2      | Learned a level 3 spell: Call Canine Familiar
  1437 | D:2      | Reached skill level 5 in Summonings
  1941 | D:2      | Found an opulent altar of Gozag.
  2173 | D:3      | Reached XP level 4. HP: 24/24 MP: 11/11
  2481 | D:3      | Learned a level 4 spell: Summon Lightning Spire
  2860 | D:3      | Found an ornate altar of the Wu Jian Council.
  3034 | D:4      | Reached XP level 5. HP: 19/28 MP: 4/13
  3344 | D:4      | Noticed a phantom
  3612 | D:4      | Killed a phantom
  4026 | D:5      | Entered Level 5 of the Dungeon
  4030 | D:5      | Noticed a hippogriff
  4177 | D:5      | You fall into a shaft and drop 2 floors!
  4177 | D:7      | Found a burning altar of Makhleb.
  4178 | D:7      | Found a glowing silver altar of Zin.
  4178 | D:7      | Noticed an angel
  4191 | D:7      | Noticed an orc warrior
  4192 | D:7      | Reached XP level 6. HP: 14/32 MP: 6/14
  4213 | D:7      | Reached skill level 5 in Dodging
  4213 | D:7      | Killed an orc warrior
  4479 | D:7      | Learned a level 4 spell: Summon Ice Beast
  4528 | D:7      | Reached skill level 5 in Spellcasting
  4528 | D:7      | Reached XP level 7. HP: 32/36 MP: 13/16
  4771 | D:6      | You fall into a shaft and drop 1 floor!
  4980 | D:6      | Noticed a human
  4981 | D:6      | Found a runed translucent door.
  4983 | D:6      | Found a basalt altar of Yredelemnul.
  5681 | D:5      | Reached XP level 8. HP: 41/41 MP: 11/19
  5817 | D:5      | Identified a scroll of acquirement
  5844 | D:5      | Found a bloodstained altar of Trog.
  5844 | D:5      | Found a hazy altar of Hepliaklqana.
  5883 | D:5      | Killed a hippogriff
  6678 | D:6      | Found a staircase to the Ecumenical Temple.
  6687 | Temple   | Entered the Ecumenical Temple
  6894 | Temple   | Became a worshipper of Kikubaaqudgha
  7504 | D:7      | Reached * piety under Kikubaaqudgha
  7504 | D:7      | Identified Kikubaaqudgha's Grimoire of Evil Secrets {god
                  | gift} (Kikubaaqudgha gifted it to you on level 7 of the
                  | Dungeon)
  7504 | D:7      | Received a gift from Kikubaaqudgha
  7530 | D:7      | Reached skill level 1 in Fighting
  7982 | D:7      | Noticed a green death
  8738 | D:8      | Noticed Erica
  9036 | D:8      | Reached XP level 9. HP: 52/52 MP: 5/20
  9186 | D:9      | Found a staircase to the Lair.
  9335 | D:9      | Reached skill level 1 in Evocations
  9397 | D:9      | Reached ** piety under Kikubaaqudgha
  9636 | D:9      | Noticed a troll
  9645 | D:9      | Killed a troll
 10190 | D:9      | Got an ancient helmet
 10201 | D:9      | Identified the -3 helmet of Byfraev {rPois Stlth+} (You
                  | acquired it on level 9 of the Dungeon)
 10214 | D:9      | Found the +2 pair of boots of the Assassin {Detection Stab+
                  | Stlth++}
 10240 | D:10     | Entered Level 10 of the Dungeon
 10463 | D:10     | Noticed a merfolk
 10495 | D:10     | Identified the Guide on Lucky Ignition
 10767 | D:10     | Reached skill level 5 in Evocations
 10782 | D:10     | Killed an unseen horror
 11019 | D:10     | Reached *** piety under Kikubaaqudgha
 11019 | D:10     | Identified Kikubaaqudgha's Guide on Necromancy {god gift}
                  | (Kikubaaqudgha gifted it to you on level 10 of the Dungeon)
 11019 | D:10     | Received a gift from Kikubaaqudgha
 11032 | D:10     | Learned a level 5 spell: Borgnjor's Vile Clutch
 11069 | D:10     | Reached skill level 1 in Necromancy
 11075 | D:10     | Reached skill level 1 in Earth Magic
 11220 | D:10     | Killed a merfolk
 11220 | D:10     | Reached XP level 10. HP: 53/56 MP: 20/24
 11643 | D:11     | Noticed a two-headed ogre
 11886 | D:11     | Noticed Josephine
 12203 | Lair:1   | Entered Level 1 of the Lair of Beasts
 12454 | Lair:1   | Found the +6 Majin-Bo {vamp, Archmagi MP+6 Int+6}
 12579 | Lair:1   | Noticed a spiny frog
 12593 | Lair:1   | Killed a spiny frog
 13222 | Lair:2   | Reached skill level 5 in Necromancy
 13393 | Lair:2   | Noticed an eight-headed hydra
 13559 | Lair:2   | Reached skill level 5 in Earth Magic
 13743 | Lair:2   | Noticed a spiny frog
 13750 | Lair:2   | Killed a spiny frog
 13778 | Lair:2   | Reached **** piety under Kikubaaqudgha
 13783 | Lair:2   | Got a heavily runed bone ring
 13785 | Lair:2   | Identified the cursed ring of the Everdark {rPois Int-4}
                  | (You found it on level 2 of the Lair of Beasts)
 14066 | Lair:2   | Noticed Gastronok
 14152 | Lair:2   | Got an ancient shield
 14158 | Lair:2   | Identified the +4 shield of Tenacity {rF+ rN+ SInv} (You
                  | found it on level 2 of the Lair of Beasts)
 14863 | Lair:3   | Noticed an elephant
 14863 | Lair:3   | Noticed an elephant
 14955 | Lair:3   | Reached skill level 1 in Shields
 15028 | Lair:3   | Noticed a black mamba
 15040 | Lair:3   | Killed a black mamba
 15040 | Lair:3   | Reached XP level 11. HP: 44/61 MP: 5/25
 15240 | Lair:3   | Found a hole to the Spider Nest.
 15695 | Lair:3   | Learned a level 5 spell: Bolt of Magma
 15740 | Lair:2   | Reached skill level 2 in Shields
 16266 | Lair:3   | Noticed a six-headed hydra
 16390 | Lair:4   | Found a gate leading to a gauntlet.
 16412 | Gauntlet | Entered a Gauntlet
 16412 | Gauntlet | Found a transporter.
 16412 | Gauntlet | Found a transporter.
 16413 | Gauntlet | Found a transporter.
 16415 | Gauntlet | Found a transporter.
 16417 | Gauntlet | Found a transporter.
 16417 | Gauntlet | Found a transporter.
 16421 | Gauntlet | Found a runed translucent door.
 16421 | Gauntlet | Found a runed translucent door.
 16424 | Gauntlet | Found a transporter.
 16425 | Gauntlet | Found a transporter.
 16425 | Gauntlet | Noticed a soul eater
 16426 | Gauntlet | Found a transporter.
 16428 | Gauntlet | Found a transporter.
 16430 | Gauntlet | Noticed a death scarab
 16430 | Gauntlet | Noticed a death scarab
 16436 | Gauntlet | Found a transporter.
 16436 | Gauntlet | Found a transporter.
 16625 | Lair:4   | Reached skill level 3 in Shields
 16805 | Lair:4   | Reached skill level 4 in Shields
 16842 | Lair:4   | Reached ***** piety under Kikubaaqudgha
 17164 | Lair:4   | Reached skill level 5 in Shields
 17641 | Lair:4   | Noticed a catoblepas
 18015 | Lair:5   | Reached skill level 6 in Shields
 18101 | Lair:5   | Noticed Kirke
 18424 | Lair:5   | Noticed a death yak
 18435 | Lair:5   | Noticed a death yak
 18435 | Lair:5   | Noticed a death yak
 18439 | Lair:5   | Killed a death yak
 18439 | Lair:5   | Noticed a death yak
 18439 | Lair:5   | Noticed a death yak
 18442 | Lair:5   | Noticed a death yak
 18456 | Lair:6   | Entered Level 6 of the Lair of Beasts
 18631 | Lair:5   | Noticed an eight-headed hydra
 18637 | Lair:5   | Killed an eight-headed hydra
 18637 | Lair:5   | Reached skill level 7 in Shields
 18798 | Lair:5   | Reached XP level 12. HP: 59/66 MP: 1/26
 19539 | Lair:6   | Noticed a seven-headed hydra
 19544 | Lair:6   | Killed a seven-headed hydra
 19544 | Lair:6   | Reached skill level 8 in Shields
 19599 | Lair:6   | Found a viscous altar of Jiyva.
 19600 | Lair:6   | Found a runed translucent door.
 19607 | Lair:6   | Found a staircase to the Slime Pits.
 19896 | Lair:6   | Reached skill level 1 in Conjurations
 20909 | Lair:6   | Reached skill level 9 in Shields
 21990 | D:8      | Killed Erica
 22068 | D:8      | Found a shattered altar of Ashenzari.
 22124 | D:8      | Noticed Maurice
 22133 | D:8      | Killed Maurice
 22167 | D:8      | Found a snail-covered altar of Cheibriados.
 22180 | D:8      | Noticed Pikel
 22192 | D:8      | Killed Pikel
 22490 | D:8      | Found a sacrificial altar of Ru.
 23035 | D:11     | Reached skill level 10 in Shields
 23038 | D:11     | Reached skill level 10 in Spellcasting
 23147 | D:11     | Killed a two-headed ogre
 23147 | D:11     | Reached XP level 13. HP: 70/70 MP: 22/29
 23298 | D:11     | Killed Josephine
 23306 | D:11     | Reached skill level 10 in Earth Magic
 23748 | D:12     | Found a flagged portal.
 24004 | D:12     | Found a staircase to the Orcish Mines.
 24529 | D:12     | Learned a level 5 spell: Lee's Rapid Deconstruction
 24534 | D:12     | Learned a level 4 spell: Petrify
 25131 | D:13     | Reached skill level 11 in Shields
 25458 | D:13     | Noticed a tengu reaver
 25733 | D:14     | Found a gate to the Vaults.
 25733 | D:14     | Shot with an arrow by a centaur warrior
